 Dungeon Crawl Stone Soup version 0.30.0-10-gfe55d96785 (webtiles) character file.

Game seed: 11125275646731132542

44 Strat the Cudgeller (level 4, 0/40 HPs)
             Began as a Meteoran Monk on May 13, 2023.
             Was a Believer of Okawaru.
             Slain by an orc
             ... wielding a +0 hand axe
              (6 damage)
             ... on level 3 of the Dungeon.
             The game lasted 00:04:53 (899 turns).

Strat the Cudgeller (Meteoran Monk)                  Turns: 899, Time: 00:04:54

Health: 0/40       AC:  7    Str: 14    XL:     4   Next: 8%
Magic:  5/5        EV: 10    Int: 12    God:    Okawaru [**....]
Gold:   112        SH:  0    Dex: 16    Spells: 3/3 levels left

rFire   . . .        a - +0 mace
rCold   . . .        d - orb {light}
rNeg    . . .        l - +0 scale mail
rPois   .            n - +0 helmet
rElec   .            (no cloak)
rCorr   .            (no gloves)
SInv    .            (no boots)
Will    .....        (no amulet) Stlth
                     (no ring)
HPRegen 0.26/turn    (no ring)
MPRegen 0.09/turn

%: no passive effects
@: glowing
A: sense surroundings 1, otherworldly, glowing, explore regen
a: Renounce Religion, Heroism


You were on level 3 of the Dungeon.
You worshipped Okawaru.
Okawaru was pleased with you.
You visited 1 branch of the dungeon, and saw 3 of its levels.

You collected 112 gold pieces.

Inventory:

Hand Weapons
 a - a +0 mace (weapon)
Missiles
 j - 4 datura-tipped darts (quivered)
Armour
 b - a +0 robe
 d - an orb of light (worn)
 l - a +0 scale mail (worn)
 m - a +0 chain mail
 n - a +0 helmet (worn)
 o - a +2 plate armour of fire resistance
Scrolls
 e - a scroll of vulnerability {unknown}
 g - 2 scrolls of teleportation {unknown}
 i - 3 scrolls of identify {unknown}
 k - a scroll of noise {unknown}
Potions
 c - 2 potions of ambrosia
 f - 3 potions of degeneration {unknown}
 h - a potion of heal wounds {unknown}
 p - a potion of lignification {unknown}


   Skills:
 + Level 3.9 Fighting
 * Level 5.4 Maces & Flails
 - Level 3.6 Dodging


You had 3 spell levels left.
You didn't know any spells.
Your spell library contained the following spells:

 Spells                   Type           Power      Damage    Failure   Level
 Slow                     Hex            0%         N/A       83%         1
 Lesser Beckoning         Tloc           0%         N/A       92%         2
 Confusing Touch          Hex            0%         N/A       99%         3
 Gell's Gravitas          Tloc           0%         N/A       99%         3
 Teleport Other           Tloc           0%         N/A       99%         3
 Vampiric Draining        Necr           0%         2d6       99%         3


Dungeon Overview and Level Annotations

Branches:
Dungeon (3/15) Zot: 887

Altars:
Okawaru

Shops:
D:2 (


Innate Abilities, Weirdness & Mutations

You passively map a small area around you.
You are easily found by Zot.
You glow in the dark.
You regain HP and MP as you explore.


Message History

Unknown command.
The orc hits you with a +0 club.
* * * LOW HITPOINT WARNING * * *
The orc attacks as you move away! The orc hits you but does no damage.
The orc barely misses you.
You barely miss the orc.
The orc is almost dead.
The orc hits you with a +0 hand axe.
* * * LOW HITPOINT WARNING * * *
The orc wizard casts a spell at you. The magic dart hits you.
* * * LOW HITPOINT WARNING * * *
Okay, then.
You closely miss the orc.
The orc is moderately wounded.
The orc hits you with a +0 hand axe.
* * * LOW HITPOINT WARNING * * *
The orc hits you with a +0 club.
* * * LOW HITPOINT WARNING * * *
Unknown command.
You are too confused!
The orc attacks as you move away! The orc hits you but does no damage.
You feel less confused. The orc hits you but does no damage.
The orc attacks as you move away! The orc hits you but does no damage. x2
The orc attacks as you move away! The orc barely misses you.
You hit the orc but do no damage.
The orc is moderately wounded.
The orc hits you with a +0 hand axe.
* * * LOW HITPOINT WARNING * * *
You hit the orc.
The orc is moderately wounded.
The orc hits you but does no damage.
You completely miss the orc.
The orc is moderately wounded.
The orc hits you with a +0 hand axe.
* * * LOW HITPOINT WARNING * * *
The orc attacks as you move away! The orc hits you but does no damage.
The orc attacks as you move away! The orc hits you with a +0 hand axe.
You die...

#......# ,
####.#### #......##
, #.#...o.# #
#†###.# #.# #o# ,
#.###J# , ,
#.#...o.# ,
#...†@.## ,.. ###
#####.## ... ##..
#.<## #.# #..#
#.#.# ###.###.#*
####.#####..[....#
#....[..##.......#*
#.##.##.#........#
# * #
*#.##.#........###
, #........†.......


You could see 2 orcs and an endoplasm.

Vanquished Creatures
  An adder (D:2)
  2 worms
  2 dart slugs
  A bat (D:1)
  3 endoplasms (D:2)
  2 giant cockroaches
  3 goblins
  2 hobgoblins
  2 ball pythons
  3 frilled lizards
  3 kobolds (D:1)
24 creatures vanquished.

Notes
Turn   | Place    | Note
-------+----------+-------------------------------------------
     0 | D:1      | Strat the Meteoran Monk began the quest for the Orb.
     0 | D:1      | Reached XP level 1. HP: 19/19 MP: 2/2
    64 | D:1      | Reached XP level 2. HP: 24/26 MP: 3/3
   352 | D:1      | Found a faded altar of an unknown god.
   361 | D:1      | Prayed at the altar of an unknown god.
   361 | D:1      | Became a worshipper of Warmaster Okawaru
   361 | D:1      | Reached * piety under Okawaru
   361 | D:1      | Reached ** piety under Okawaru
   460 | D:2      | Reached XP level 3. HP: 31/31 MP: 4/4
   552 | D:2      | Reached skill level 5 in Maces & Flails
   685 | D:2      | Found Lokulo's Antique Weapon Shoppe.
   857 | D:3      | Reached XP level 4. HP: 19/40 MP: 5/5
   899 | D:3      | Slain by an orc

Illustrated notes

Levels and vault maps discovered:
D:1:      shiori_arrival_elements, layout_basic,
          dilly_ecumenical_altar_fadedgnrine, hangedman_decor_lopped
D:2:      layout_basic, serial_shops, shop, minmay_misc_feat_encased,
          patterned_corridor
D:3:      layout_loops_cross, mainiacjoe_overflow_alcove_2,
          minmay_stone_trees_medium, kennysheep_cross_bottleneck,
          chequers_serial_rivers_micro_d

Skill      XL: |  1  2  3 |
---------------+----------+-----
Maces & Flails | 5 |  5.4
Fighting       | |  3.9
Dodging        | |  3.6

Action                     |  1- 3 |  4- 6 || total
---------------------------+-------+-------++-------
  Melee: Mace              |    71 |    18 ||    89
 Armour: Robe              |    10 |       ||    10
         Scale mail        |     7 |    16 ||    23
  Dodge: Dodged            |    39 |    12 ||    51
